 Dungeon Crawl Stone Soup version 0.25.1-2-g60ff931df9 (webtiles) character file.

Game seed: 16734288593396519184

159 raphaelitos the Shooter (level 5, -6/43 HPs)
             Began as a Centaur Hunter on Nov 24, 2020.
             Killed from afar by an orc wizard (7 damage)
             ... with a magic dart
             ... on level 3 of the Dungeon.
             The game lasted 00:06:51 (2159 turns).

raphaelitos the Shooter (Centaur Hunter)            Turns: 2159, Time: 00:06:51

Health: -6/43      AC:  8    Str: 15    XL:     5   Next: 17%
Magic:  5/5        EV:  9    Int:  8    God:
Gold:   188        SH:  0    Dex: 10    Spells: 4/4 levels left

rFire    + . .     SeeInvis .   t - +0 war axe
rCold    . . .     Gourm    .   (no shield)
rNeg     . . .     Faith    .   c - +0 leather armour
rPois    .         Spirit   .   (no helmet)
rElec    .         Reflect  .   g - +0 cloak
rCorr    .         Harm     .   (no gloves)
MR       .....                  (no barding)
Stlth    +.........             (no amulet)
HPRegen  0.14/turn              n - ring of protection from fire
MPRegen  0.09/turn              (no ring)

@: very quick
A: large, hooves 3, iridescent scales 1, rugged brown scales 1, deformed body,
deterioration 1, dopey 1, speed 2, tough skin 3
a: no special abilities


You were on level 3 of the Dungeon.
You were not hungry.

You visited 1 branch of the dungeon, and saw 3 of its levels.

You collected 188 gold pieces.

Inventory:

Hand Weapons
 a - a +2 shortbow
 t - a +0 war axe (weapon)
Missiles
 d - 19 arrows
 j - 25 bolts
Armour
 c - a +0 leather armour (worn)
 g - a +0 cloak (worn)
Jewellery
 n - a ring of protection from fire (left hand)
Scrolls
 e - 5 scrolls of identify
 m - 3 scrolls of amnesia
Potions
 i - 2 potions of flight
 k - a potion of curing {unknown}
 l - a potion of degeneration {unknown}
 q - a potion of heal wounds {unknown}
 r - 2 potions of haste {unknown}
 s - a potion of ambrosia {unknown}
Comestibles
 f - 6 rations
 h - 3 chunks of flesh


   Skills:
 + Level 2.5 Fighting
   Level 0.4 Short Blades
 + Level 7.7 Bows
 + Level 0.6 Armour
 + Level 1.7 Dodging
 + Level 0.4 Stealth


You had 4 spell levels left.
You didn't know any spells.
Your spell library was empty.

Dungeon Overview and Level Annotations

Branches:
Dungeon (3/15)

Altars:
Ru
Zin


Innate Abilities, Weirdness & Mutations

You have hooves in place of feet.
Armour fits poorly on your strangely shaped body.
You cover ground very quickly.
You have extremely tough skin. (AC +3)
You are partially covered in iridescent scales. (AC +2)
You are partially covered in rugged brown scales. (AC +1, +3% HP)
Your body sometimes deteriorates upon taking damage.
You are dopey. (Int -2)


Message History

* * * LOW HITPOINT WARNING * * *
Okay, then.
Really quaff the potion of mutation?
Uppercase [Y]es or [N]o only, please.
Really quaff the potion of mutation?
You feel extremely strange.
You feel stupid.
You feel yourself wasting away.
Rugged brown scales grow over part of your body.
Iridescent scales grow over part of your body.
The orc priest looks braver for a moment.
The orc wizard hits you but does no damage.
Okay, then.
Really read the scroll of immolation?
Uppercase [Y]es or [N]o only, please.
Really read the scroll of immolation?
As you read the scroll of immolation, it crumbles to dust.
The creatures around you are filled with an inner flame!
The orc wizard casts a spell at you. The magic dart hits you!
You die...

#.# #.# #.# ♣♣
♣♣#.# ♣♣♣♣( ♣♣....
...o♣ ♣♣♣♣♣♣♣.♣#.#
♣.(.
♣♣♣♣♣♣......♣♣#.#
♣...♣♣♣...♣.♣♣♣♣♣♣♣
#.# ♣(ooo@.♣♣.♣♣
#.. ♣♣♣♣♣♣♣♣♣♣♣
##.# #...
#######.##
#>........
#.####.÷## #....
#...# #....


You could see an orc priest (inner flame), an orc wizard (inner flame) and an
orc (inner flame).

Vanquished Creatures
  Natasha (thrice) (D:2)
  4 adders (D:3)
  A worm (D:3)
  2 leopard geckos
  2 orcs (D:3)
  A ball python (D:1)
  2 giant cockroaches (D:3)
  8 goblins
  4 hobgoblins
  3 jackals (D:1)
  2 quokkas (D:3)
  7 bats
  3 frilled lizards (D:1)
  3 kobolds
  2 rats (D:1)
47 creatures vanquished.

Notes
Turn   | Place    | Note
-------+----------+-------------------------------------------
     0 | D:1      | raphaelitos the Centaur Hunter began the quest for the Orb.
     0 | D:1      | Reached XP level 1. HP: 17/17 MP: 1/1
    75 | D:1      | Reached XP level 2. HP: 24/24 MP: 2/2
   134 | D:1      | Reached skill level 6 in Bows
   477 | D:1      | Gained mutation: You tend to lose your temper in combat.
                  | [potion of mutation]
   477 | D:1      | Lost mutation: You tend to lose your temper in combat.
                  | [potion of mutation]
   659 | D:2      | Found a glowing silver altar of Zin.
   659 | D:2      | Noticed an angel
   680 | D:2      | Noticed Natasha
   688 | D:2      | Killed Natasha
   688 | D:2      | Reached XP level 3. HP: 19/29 MP: 3/3
   705 | D:2      | Noticed Natasha
   727 | D:2      | Killed Natasha
   727 | D:2      | Reached skill level 7 in Bows
   727 | D:2      | Reached XP level 4. HP: 13/36 MP: 4/4
  1057 | D:2      | Noticed Natasha
  1061 | D:2      | Killed Natasha
  1154 | D:2      | Found a sacrificial altar of Ru.
  1729 | D:3      | Reached XP level 5. HP: 42/42 MP: 5/5
  2157 | D:3      | HP: 2/42 [orc priest/divine providence (12)]
  2158 | D:3      | Gained mutation: You are dopey. (Int -2) [potion of
                  | mutation]
  2158 | D:3      | Gained mutation: Your body sometimes deteriorates upon
                  | taking damage. [potion of mutation]
  2158 | D:3      | Gained mutation: You are partially covered in rugged brown
                  | scales. (AC +1, +3% HP) [potion of mutation]
  2158 | D:3      | Gained mutation: You are partially covered in iridescent
                  | scales. (AC +2) [potion of mutation]
  2159 | D:3      | Killed from afar by an orc wizard

Illustrated notes

Levels and vault maps discovered:
D:1:      mushboom_english_gardens, layout_rooms, minmay_octomino_j4
D:2:      layout_basic, zin_angel, hangedman_ru_absence, uniq_natasha
D:3:      kb_forest_paths, layout_basic, first_ration, wad_floor_pattern_1

Skill      XL: |  1  2  3 |
---------------+----------+-----
Bows           | 6 7 |  7.7
Fighting       | |  2.5
Short Blades   | |  0.4
Armour         | |  0.6
Dodging        | |  1.7
Stealth        | |  0.4

Action                   |  1- 3 |  4- 6 || total
-------------------------+-------+-------++-------
Melee: Short sword       |    22 |    33 ||    55
       Kick              |     5 |     5 ||    10
       Dagger            |     3 |       ||     3
       War axe           |       |    11 ||    11
 Fire: Shortbow          |    38 |    60 ||    98
  Use: Scroll            |     8 |     1 ||     9
       Potion            |     1 |     1 ||     2
  Eat: Chunk             |       |     3 ||     3
Armor: Leather armour    |    15 |    22 ||    37
Dodge: Dodged            |    16 |    19 ||    35
